 Dungeon Crawl Stone Soup version 0.27.1-33-g824d729ab1 (webtiles) character file.

Game seed: 16885244925668719502

17929 hurricos the Grappler (level 12, -4/120 HPs)
             Began as a Troll Warper on Nov 28, 2021.
             Was a Priest of Cheibriados.
             Killed from afar by an ice statue (21 damage)
             ... with a bolt of cold
             ... on level 11 of the Dungeon.
             The game lasted 00:18:43 (10796 turns).

hurricos the Grappler (Troll Warper)               Turns: 10796, Time: 00:18:43

Health: -4/120     AC:  8    Str: 37    XL:     12   Next: 23%
Magic:  15/15      EV: 13    Int: 24    God:    Cheibriados [***...]
Gold:   1448       SH:  5    Dex: 17    Spells: 2/13 levels left

rFire    + . .     SeeInvis .     - Unarmed
rCold    . . .     Faith    .   (no shield)
rNeg     . . .     Spirit   .   Q - +0 troll leather armour
rPois    .         Reflect  +   O - +1 hat {Stlth+}
rElec    +         Harm     .   D - +0 cloak
rCorr    .         Rampage  .   (gloves unavailable)
Will     ++...                  (boots unavailable)
Stlth    ++........             H - amulet "Gommuj Riuhu" {Reflect +Inv rElec Str-3 Int+5 SH+5}
HPRegen  2.30/turn              f - ring "Reshaj" {rF+ Will+ Str+10 Int-2}
MPRegen  0.14/turn              A - ring of willpower

@: very slow
A: large, unfitting armour, claws 3, regeneration 1, shaggy fur 1, tough skin 1,
talons 1
a: Renounce Religion, Evoke Invisibility, Bend Time, Temporal Distortion


You were on level 11 of the Dungeon.
You worshipped Cheibriados.
Cheibriados was most pleased with you.
You visited 2 branches of the dungeon, and saw 12 of its levels.
You also visited: Sewer and Ossuary.

You collected 1448 gold pieces.

Inventory:

Hand Weapons
 g - a +1 dagger of venom
 r - a +1 whip of electrocution
 B - the +9 quarterstaff "Letzoemu" {vorpal, rElec Will+ Str+2}
   (You found it on level 6 of the Dungeon)

   It inflicts extra damage upon your enemies.
   Str:       It affects your strength (+2).
   rElec:     It insulates you from electricity.
   Will:      It increases your willpower.
Missiles
 c - a boomerang of dispersal
 u - 5 large rocks
 I - 2 boomerangs
 K - 4 curare-tipped darts (quivered)
Armour
 a - a +1 robe
 D - a +0 cloak (worn)
 O - a +1 hat of stealth (worn)
 Q - a +0 troll leather armour (worn)
Jewellery
 d - an amulet of guardian spirit
 f - the ring "Reshaj" (left claw) {rF+ Will+ Str+10 Int-2}
   (You acquired it on level 3 of the Dungeon)

   [ring of protection from fire]

   Str:       It affects your strength (+10).
   Int:       It affects your intelligence (-2).
   rF:        It protects you from fire.
   Will:      It increases your willpower.
 m - a ring of protection from cold
 q - an amulet of regeneration
 v - a +6 ring of dexterity
 A - a ring of willpower (right claw)
 H - the amulet "Gommuj Riuhu" (around neck) {Reflect +Inv rElec Str-3 Int+5 SH+5}
   (You acquired it on level 8 of the Dungeon)

   [amulet of reflection]

   It reflects blocked missile attacks.
   Str:       It affects your strength (-3).
   Int:       It affects your intelligence (+5).
   rElec:     It insulates you from electricity.
   +Inv:      It lets you turn invisible.
   SH:        It affects your SH (+5).
 N - a ring of wizardry
Wands
 y - a wand of iceblast (10)
 C - a wand of digging (11)
 F - a wand of flame (15)
 G - a wand of polymorph (7)
 J - a wand of charming (9)
 P - a wand of paralysis (8)
Scrolls
 b - 2 scrolls of blinking
 j - 4 scrolls of fog
 p - 2 scrolls of amnesia
 s - 10 scrolls of identify
 w - 2 scrolls of teleportation
 x - 4 scrolls of enchant armour
Potions
 e - 3 potions of flight
 h - 5 potions of curing
 i - a potion of ambrosia {unknown}
 k - 7 potions of brilliance
 l - a potion of cancellation
 n - a potion of heal wounds {unknown}
 o - 3 potions of haste {unknown}
 t - 2 potions of lignification {unknown}
 z - 2 potions of resistance {unknown}
 E - 2 potions of mutation
 L - 2 potions of might
 M - a potion of berserk rage {unknown}


   Skills:
 + Level 8.3 Fighting
 - Level 0.8 Throwing
 + Level 1.7 Armour
 + Level 6.3 Dodging
 + Level 1.7 Shields
 + Level 14.1 Unarmed Combat
 - Level 1.2 Spellcasting
 + Level 2.9 Translocations
 + Level 5.5 Invocations


You had 2 spell levels left.
You knew the following spells:

 Your Spells              Type           Power      Damage    Failure   Level
a - Manifold Assault      Tloc           15%        N/A       75%         5
b - Blink                 Tloc           N/A        N/A       6%          2
h - Passage of Golubria   Tloc           N/A        N/A       38%         4

Your spell library contained the following spells:

 Spells                   Type           Power      Damage    Failure   Level
 Corona                   Hex            1%         N/A       14%         1
 Summon Small Mammal      Summ           4%         N/A       14%         1
 Ensorcelled Hibernation  Hex/Ice        2%         N/A       22%         2
 Gell's Gravitas          Tloc           7%         N/A       12%         3
 Lesser Beckoning         Tloc           7%         N/A       12%         3
 Teleport Other           Tloc           15%        N/A       12%         3
 Call Canine Familiar     Summ           1%         N/A       38%         3
 Conjure Flame            Conj/Fire      1%         6-21      38%         3
 Ignite Poison            Fire/Tmut/Pois 1%         N/A       38%         3
 Summon Guardian Golem    Hex/Summ       1%         N/A       38%         3
 Tukima's Dance           Hex            1%         N/A       38%         3
 Animate Dead             Necr           0%         N/A       80%         4
 Sticky Flame             Conj/Fire      1%         2d3       80%         4
 Yara's Violent Unravell  Hex/Tmut       0%         3d3       98%         5
 Haunt                    Necr/Summ      0%         N/A       100%        7
 Infestation              Necr           0%         N/A       100%        8


Dungeon Overview and Level Annotations

Branches:
Dungeon (11/15)            Temple (1/1) D:6            Lair (0/6) D:11
    Orc (0/2) D:10          Sewer (visited)         Ossuary (visited)

Altars:
Ashenzari
Cheibriados
Dithmenos
Elyvilon
Fedhas
Gozag
Hepliaklqana
Kikubaaqudgha
Makhleb
Nemelex Xobeh
Okawaru
Qazlal
Ru
Sif Muna
Trog
Uskayaw
Vehumet
Wu Jian
Xom
Yredelemnul
Zin
The Shining One

Annotations:
D:11 exclusion: ice statue


Innate Abilities, Weirdness & Mutations

You are too large for most types of armour.
You have claws for hands.
Your natural rate of healing is unusually fast.
You are covered in fur. (AC +1)
You have tough skin. (AC +1)
You have sharp toenails.


Message History

The ice beast hits you but does no damage.
You scratch the ice beast. Your kick misses the ice beast.
The ice beast is lightly wounded.
You block the ice beast's attack.
You barely miss the ice beast.
You claw the ice beast, but do no damage.
The ice beast is lightly wounded.
The ice beast barely misses you.
You completely miss the ice beast. Your kick misses the ice beast.
The ice beast is lightly wounded.
You closely miss the ice beast. You claw the ice beast.
The ice beast is lightly wounded.
The ice beast barely misses you.
You scratch the ice beast.
You claw the ice beast, but do no damage.
You claw the ice beast!
The ice beast is heavily wounded.
You block the ice beast's attack.
You mangle the ice beast!!
You kill the ice beast!
The ice beast disappears in a puff of smoke!
Really walk into a travel-excluded area?
The ice statue gestures at you. The bolt of cold hits you!! x2
The ice statue gestures at you. The bolt of cold hits you!!
The bolt of cold misses you.
You see here 3 large rocks.
You scratch the ice statue but do no damage.
You claw the ice statue.
The ice statue is lightly damaged.
You mangle the ice statue!!
You claw the ice statue, but do no damage.
You claw the ice statue!!
The ice statue is heavily damaged.
The ice statue glitters chillingly in the dim dungeon light.
The ice statue gestures at you. The bolt of cold hits you!!
* * * LOW HITPOINT WARNING * * *
The bolt of cold hits you!!
You die...

# #.# #.## # #.# #..#
## #.# ##.#### .# #.#
#....# .###.# ####...##
..##.# ##.......##
#.##.# #..#8#.#..#
..##.# #.#8...8#.#
#..#.#######.8..@..8.#
...............$8(...##
##...#######.8..!..8..#
.............#8...8#..#
##............#8#8#...#
#..>.................#
#...........##.####.##
#...........##.# #.#
#...........##.# #.#


You could see an ice statue.

Vanquished Creatures
  Gastronok (D:11)
  Erolcha (D:10)
  2 two-headed ogres
  Urug (D:10)
  9 wizards (D:10)
  Pikel (D:7)
  The ghost of Powertoast the Ruffian, a novice TrBe of Trog (D:5)
  Joseph (D:8)
  A gargoyle (D:11)
  2 unseen horrors
  A troll (D:11)
  Prince Ribbit (D:8)
  2 shadows
  2 wraiths
  11 yaks
  4 vampire mosquitoes (D:11)
  A golden eye (D:10)
  2 wargs (D:11)
  An acid dragon (D:8)
  2 water moccasins
  2 orc warriors
  A hornet zombie (D:6)
  A sky beast (D:7)
  2 necrophages (D:6)
  3 ogres
  A centaur (D:5)
  A lemure (D:7)
  3 bullfrogs
  A kobold brigand (Sewer)
  A wyvern zombie (D:7)
  A scorpion (D:6)
  A water moccasin zombie (D:6)
  A wyvern skeleton (D:6)
  14 killer bees
  12 wights
  A howler monkey (D:7)
  A crimson imp (D:4)
  3 centaur zombies
  4 hounds
  A bullfrog skeleton (D:7)
  3 bullfrog zombies
  5 jellies
  Crazy Yiuf (D:6)
  4 orc priests
  3 centaur skeletons
  3 iguanas
  3 orc wizards
  2 killer bee zombies (D:6)
  8 mummies (Ossuary)
  10 adders
  5 river rats
  A shadow imp (D:7)
  A white imp (D:4)
  2 ufetubi (D:5)
  4 worms
  3 dart slugs
  18 orcs
  12 ball pythons
  8 bats
  5 endoplasms
  4 giant cockroaches
  3 goblins
  7 hobgoblins
  7 jackals (D:2)
  20 kobolds
  5 quokkas
  4 frilled lizards
  3 hobgoblin zombies (Ossuary)
  A kobold zombie (Ossuary)
  4 orc zombies (Ossuary)
  26 rats
  A fungus (D:10)
288 creatures vanquished.

Vanquished Creatures (others)
  A fungus (D:10)
  A plant (D:11)
2 creatures vanquished.

Grand Total: 290 creatures vanquished

Notes
Turn   | Place    | Note
-------+----------+-------------------------------------------
     0 | D:1      | hurricos the Troll Warper began the quest for the Orb.
     0 | D:1      | Reached XP level 1. HP: 19/19 MP: 1/1
   172 | D:1      | Reached XP level 2. HP: 23/27 MP: 2/2
   229 | D:1      | Reached skill level 3 in Unarmed Combat
   629 | D:1      | Found a faded altar of an unknown god.
   988 | D:2      | Reached XP level 3. HP: 32/33 MP: 3/3
  1229 | D:2      | Reached skill level 4 in Unarmed Combat
  1461 | D:3      | Reached XP level 4. HP: 36/41 MP: 4/4
  1561 | D:3      | Reached skill level 5 in Unarmed Combat
  1587 | D:3      | Found a glowing drain.
  1601 | D:3      | Identified a scroll of acquirement
  1601 | D:3      | Acquired the ring "Reshaj" {rF+ Will+ Str+10 Int-2}
  1757 | Sewer    | Entered a sewer
  1856 | Sewer    | Reached XP level 5. HP: 43/48 MP: 5/5
  2072 | Sewer    | Reached skill level 6 in Unarmed Combat
  2173 | Sewer    | Reached XP level 6. HP: 57/57 MP: 6/6
  2404 | D:3      | Found a white marble altar of Elyvilon.
  2990 | D:4      | Found a sand-covered staircase.
  3144 | Ossuary  | Entered an ossuary
  3251 | Ossuary  | Gained mutation: You are frail. (-10% HP) [potion of
                  | mutation]
  3251 | Ossuary  | Lost mutation: You are frail. (-10% HP) [potion of
                  | mutation]
  3251 | Ossuary  | Gained mutation: You have sharp toenails. [potion of
                  | mutation]
  3601 | D:5      | Entered Level 5 of the Dungeon
  3605 | D:5      | Reached skill level 7 in Unarmed Combat
  3605 | D:5      | Reached XP level 7. HP: 67/67 MP: 7/7
  3652 | D:5      | Found a glowing golden altar of the Shining One.
  3664 | D:5      | Learned a level 2 spell: Blink
  3794 | D:5      | Noticed Powertoast's ghost (novice TrBe)
  3795 | D:5      | Found a transporter.
  3802 | D:5      | Found a transporter.
  4281 | D:6      | Reached skill level 8 in Unarmed Combat
  4317 | D:6      | Noticed a wraith
  4325 | D:6      | Killed a wraith
  4326 | D:6      | Reached XP level 8. HP: 70/78 MP: 8/8
  4466 | D:6      | Learned a level 4 spell: Passage of Golubria
  4469 | D:6      | Identified the +9 quarterstaff "Letzoemu" {vorpal, rElec
                  | Will+ Str+2}
  4523 | D:6      | Reached skill level 9 in Unarmed Combat
  4547 | D:6      | Found a staircase to the Ecumenical Temple.
  4562 | Temple   | Entered the Ecumenical Temple
  4636 | Temple   | Became a worshipper of Cheibriados the Contemplative
  4948 | D:6      | Reached skill level 5 in Fighting
  5092 | D:6      | Reached skill level 10 in Unarmed Combat
  5220 | D:6      | Found a runed translucent door.
  5221 | D:6      | Noticed Crazy Yiuf
  5306 | D:6      | Killed Crazy Yiuf
  5307 | D:6      | Reached XP level 9. HP: 87/88 MP: 9/9
  5367 | D:7      | Reached * piety under Cheibriados
  5904 | D:7      | Noticed Pikel
  5913 | D:7      | Killed Pikel
  5914 | D:7      | Reached skill level 11 in Unarmed Combat
  6023 | D:7      | Found a radiant altar of Vehumet.
  6212 | D:8      | Noticed Joseph
  6226 | D:8      | Killed Joseph
  6361 | D:8      | Noticed Prince Ribbit
  6375 | D:8      | Killed Prince Ribbit
  6441 | D:8      | Acquired the amulet "Gommuj Riuhu" {Reflect +Inv rElec
                  | Str-3 Int+5 SH+5}
  6896 | D:5      | Killed Powertoast's ghost
  6897 | D:5      | Reached XP level 10. HP: 51/100 MP: 10/10
  7094 | D:9      | Noticed a two-headed ogre
  7100 | D:9      | Killed a two-headed ogre
  7101 | D:9      | Reached skill level 12 in Unarmed Combat
  7331 | D:9      | Reached ** piety under Cheibriados
  7713 | D:10     | Entered Level 10 of the Dungeon
  8029 | D:10     | Noticed a wizard
  8040 | D:10     | Killed a wizard
  8041 | D:10     | Acquired 611 gold pieces
  8062 | D:10     | Noticed Erolcha
  8072 | D:10     | Killed Erolcha
  8073 | D:10     | Reached skill level 5 in Dodging
  8362 | D:10     | Found a stormy altar of Qazlal.
  8384 | D:10     | Noticed Sonja
  8386 | D:10     | Noticed Sonja
  8386 | D:10     | Sonja changed into Sonja the golden eye
  8396 | D:10     | Killed Sonja the golden eye
  8414 | D:10     | Noticed Urug
  8418 | D:10     | Noticed a two-headed ogre
  8433 | D:10     | Killed Urug
  8433 | D:10     | Reached *** piety under Cheibriados
  8434 | D:10     | Reached skill level 13 in Unarmed Combat
  8434 | D:10     | Reached XP level 11. HP: 67/109 MP: 11/11
  8496 | D:10     | Noticed a wizard
  8496 | D:10     | Noticed a wizard
  8603 | D:10     | Killed a two-headed ogre
  8604 | D:10     | Reached skill level 1 in Invocations
  8633 | D:10     | Found a glowing silver altar of Zin.
  8634 | D:10     | Found a bloodstained altar of Trog.
  8635 | D:10     | Found an ornate altar of the Wu Jian Council.
  8635 | D:10     | Found a hazy altar of Hepliaklqana.
  8680 | D:10     | Found a staircase to the Orcish Mines.
  8722 | D:10     | Killed a wizard
  8824 | D:10     | Killed a wizard
  8885 | D:10     | Noticed a wizard
  8886 | D:10     | Killed a wizard
  8893 | D:10     | Noticed a wizard
  8895 | D:10     | Killed a wizard
  8916 | D:10     | Found the +3 warlock's mirror {reflect}
  8941 | D:10     | Noticed a wizard
  8989 | D:10     | Noticed a wizard
  8998 | D:10     | Killed a wizard
  9019 | D:10     | Killed a wizard
  9068 | D:10     | Noticed a wizard
  9073 | D:10     | Killed a wizard
  9080 | D:10     | Noticed a wizard
  9099 | D:10     | Killed a wizard
  9199 | D:11     | Reached skill level 14 in Unarmed Combat
  9199 | D:11     | Reached skill level 5 in Invocations
  9206 | D:11     | Learned a level 5 spell: Manifold Assault
  9346 | D:11     | Noticed Gastronok
  9362 | D:11     | Killed Gastronok
  9477 | D:11     | Reached skill level 1 in Armour
  9477 | D:11     | Reached skill level 1 in Shields
  9477 | D:11     | Reached XP level 12. HP: 109/119 MP: 14/14
  9532 | D:11     | Found a staircase to the Lair.
  9570 | D:11     | Reached **** piety under Cheibriados
 10796 | D:11     | Killed from afar by an ice statue

Illustrated notes

Levels and vault maps discovered:
D:1:      matt_arrival_refuge, layout_basic,
          hellmonk_ecumenical_altar_inner_sanctum
D:2:      layout_rooms
D:3:      layout_basic, mainiacjoe_overflow_alcove_1,
          cheibrodos_sewer_entry_sluice
D:4:      layout_loops_cross, enter_ossuary_1, minmay_fire_ice_demons
D:5:      layout_basic, mainiacjoe_overflow_boulevard, gammafunk_ghost_arena,
          kennysheep_pointless_box, nrook_mini_vaults,
          hangedman_abyss_or_decor_stagger
D:6:      layout_loops_ring, minmay_temple_entry_glassed_door, st_stairs_7,
          hangedman_minor_gate_pass, uniq_crazy_yiuf_cottage
D:7:      layout_basic, marbit_many_paths, serial_rivers,
          chequers_serial_rivers_large_a, chequers_serial_rivers_room_b,
          chequers_serial_rivers_micro_d, chequers_serial_rivers_small_3,
          uniq_pikel
D:8:      layout_gridville, uniq_prince_ribbit1, uniq_joseph
D:9:      layout_irregular_city
D:10:     minmay_smoke_and_mirrors, layout_rooms, mainiacjoe_overflow_alcove_3,
          nicolae_qazlal_general_emergency, uniq_sonja, uniq_urug, uniq_erolcha
D:11:     layout_basic, erik_lair_orcish_takeover, minmay_statue_bubble,
          uniq_gastronok
Temple:   eino_temple_lava

Skill      XL: |  1  2  3  4  5  6  7  8  9 10 11 |
---------------+----------------------------------+-----
Unarmed Combat | 3 4 5 6 7 8 10 11 13 14 | 14.1
Fighting       | 2 3 4 5 6 7 8 |  8.3
Dodging        | 3 5 6 |  6.3
Invocations    | 5 |  5.5
Armour         | 1 |  1.7
Shields        | 1 |  1.7
Throwing       | |  0.8
Spellcasting   | |  1.2
Translocations | |  2.9

Action                   |  1- 3 |  4- 6 |  7- 9 | 10-12 || total
-------------------------+-------+-------+-------+-------++-------
Melee: Unarmed           |   120 |   239 |   185 |   212 ||   756
       Punch             |     3 |     3 |     8 |    20 ||    34
       Kick              |       |       |    51 |    91 ||   142
Throw: Boomerang         |       |     3 |     1 |       ||     4
       Dart              |       |       |       |     2 ||     2
 Cast: Blink             |       |       |       |     4 ||     4
Invok: Slouch            |       |       |       |     1 ||     1
Evoke: Wand              |       |       |       |    13 ||    13
  Use: Scroll            |       |     7 |     1 |     7 ||    15
       Potion            |       |     7 |     2 |     2 ||    11
 Stab: Sleeping          |       |     1 |       |       ||     1
       Invisible         |       |       |     2 |     1 ||     3
Armor: Robe              |    52 |    80 |    49 |    50 ||   231
       Troll leather arm |       |       |       |     1 ||     1
Dodge: Dodged            |    55 |    93 |    71 |   104 ||   323
Block: Other             |       |       |     5 |    51 ||    56
       Reflection        |       |       |       |     1 ||     1
